 Dungeon Crawl Stone Soup version 0.31-a0-1206-g41278d8d1d (webtiles) character file.

Game seed: 3819455202686359890

93 MachoJfn the Chopper (level 4, 0/34 HPs)
             Began as a Demonspawn Gladiator on Dec 13, 2023.
             Slain by a gnoll
             ... wielding a +5 halberd
              (8 damage)
             ... on level 3 of the Dungeon.
             The game lasted 00:06:31 (1731 turns).

MachoJfn the Chopper (Demonspawn Gladiator)         Turns: 1731, Time: 00:06:32

Health: 0/34       AC:  4    Str: 16    XL:     4   Next: 37%
Magic:  4/4        EV: 12    Int:  8    God:
Gold:   979        SH:  0    Dex: 15    Spells: 3/3 levels left

rFire   . . .        a - +0 war axe
rCold   . . .        (no shield)
rNeg    . . .        b - +0 leather armour
rPois   .            c - +0 helmet
rElec   .            (no cloak)
rCorr   .            (no gloves)
SInv    .            (no boots)
Will    .....        (no amulet)
Stlth   +            (no ring)
HPRegen 1.25/turn    (no ring)
MPRegen 0.09/turn

%: no passive effects
@: no status effects
A: powered by death 1, spiny 1
a: no special abilities


You were on level 3 of the Dungeon.
You visited 1 branch of the dungeon, and saw 3 of its levels.

You collected 979 gold pieces.

Inventory:

Hand Weapons
 a - a +0 war axe (weapon)
Missiles
 d - 3 throwing nets (quivered)
 e - a javelin
 n - 10 stones
Armour
 b - a +0 leather armour (worn)
 c - a +0 helmet (worn)
Jewellery
 i - a +5 ring of evasion
Scrolls
 g - a scroll of fear {unknown}
 h - a scroll of fog {unknown}
 m - a scroll of poison
 o - a scroll of teleportation {unknown}
Potions
 f - a potion of haste {unknown}
 j - a potion of enlightenment {unknown}
 k - 2 potions of curing
 l - a potion of magic {unknown}


   Skills:
 * Level 2.7 Fighting
 + Level 3.6 Axes
 - Level 1.7 Throwing
 + Level 1.3 Armour
 + Level 3.1 Dodging
 + Level 0.1 Stealth


You had 3 spell levels left.
You didn't know any spells.
Your spell library was empty.

Dungeon Overview and Level Annotations

Branches:
Dungeon (3/15)

Altars:
Okawaru

Shops:
D:1 ?


Innate Abilities, Weirdness & Mutations

You regenerate a little health from kills.
You are partially covered in sharp spines.


Message History

Found a stone staircase leading up.
You see here a +0 falchion.
There is an open door here.
You see here a +0 dagger.
There is a shaft here.
There is an open door here.
You see here a +0 club.
Done exploring.
Done exploring.
There is an escape hatch in the ceiling here.
There is an open door here.
There is a stone staircase leading down here.
Done exploring.
There is an open door here.
You see here a +0 club.
You see here a +0 dagger.
There is a stone staircase leading down here.
You climb downwards.
The gnoll shouts! x3
There is a stone staircase leading up here.
Found a stone staircase leading up.
The gnoll shouts!
The gnoll barely misses you. The gnoll is struck by your spines.
The gnoll hits you with a +0 spear.
You slash the gnoll!
The gnoll is heavily wounded.
You hit the gnoll. The gnoll hits you with a +4 spear.
The gnoll closely misses you. x2
You slash the gnoll!
You kill the gnoll!
You closely miss the gnoll.
The gnoll hits you from afar with a +5 halberd!
The gnoll is struck by your spines. The gnoll hits you with a +0 spear.
* * * LOW HITPOINT WARNING * * *
It was a potion of curing.
You feel better.
The gnoll hits you from afar with a +0 halberd!
The gnoll is struck by your spines. The gnoll hits you with a +0 spear.
* * * LOW HITPOINT WARNING * * *
The gnoll hits you from afar with a +5 halberd!
You die...

#. ####. #.##
<... #... ...
#..##.. # .....
.#
#.#####.#.#..#
#.......#.g..#
#......<@)#
#.#####.#gg....#
...########
#####


You could see 3 gnolls.

Vanquished Creatures
  A gnoll (D:3)
  2 adders (D:2)
  A worm (D:2)
  A dart slug (D:2)
  7 bats
  7 endoplasms
  2 giant cockroaches (D:1)
  3 goblins
  6 hobgoblins
  5 jackals
  5 kobolds
  3 quokkas
  6 ball pythons
  A frilled lizard (D:2)
  4 rats
54 creatures vanquished.

Notes
Turn   | Place    | Note
-------+----------+-------------------------------------------
     0 | D:1      | MachoJfn the Demonspawn Gladiator began the quest for the
                  | Orb.
     0 | D:1      | Reached XP level 1. HP: 16/16 MP: 1/1
    51 | D:1      | Found Itrergh's Magic Scroll Boutique.
   311 | D:1      | Gained mutation: You are partially covered in sharp spines.
                  | [demonic ancestry]
   311 | D:1      | Reached XP level 2. HP: 22/22 MP: 2/2
   397 | D:1      | Identified a scroll of acquirement
   397 | D:1      | Acquired 878 gold pieces
   596 | D:1      | Gained mutation: You regenerate a little health from kills.
                  | [demonic ancestry]
   596 | D:1      | Reached XP level 3. HP: 28/28 MP: 3/3
   854 | D:2      | Found an iron altar of Okawaru.
  1064 | D:2      | Reached skill level 1 in Armour
  1224 | D:2      | Reached XP level 4. HP: 34/34 MP: 4/4
  1731 | D:3      | Slain by a gnoll

Illustrated notes

Levels and vault maps discovered:
D:1:      wander_arrival_chamber, layout_rooms, serial_shops,
          nicolae_diamond_shop, interstate_on_off, chequers_jeans
D:2:      layout_basic, basic_altar, kennysheep_generic_room_9
D:3:      kennysheep_big_flooded_room, layout_basic, uniq_terence, uniq_ijyb,
          uniq_grinder

Skill      XL: |  1  2  3 |
---------------+----------+-----
Axes           | 3 |  3.6
Dodging        | 3 |  3.1
Armour         | 1 |  1.3
Fighting       | |  2.7
Throwing       | |  1.7
Stealth        | |  0.1

Action                     |  1- 3 |  4- 6 || total
---------------------------+-------+-------++-------
  Melee: War axe           |    70 |    15 ||    85
    Use: Scroll            |     2 |       ||     2
         Potion            |       |     1 ||     1
 Armour: Leather armour    |    44 |    15 ||    59
  Dodge: Dodged            |    55 |     7 ||    62

Table legend: (Time is in decaauts)
 A = Elapsed time spent in this place.
 B = Non-inter-level travel time spent in this place.
 C = Inter-level travel time spent in this place.
 D = Time resting spent in this place.
 E = Time spent auto-exploring this place.
 F = Levels seen in this place.
 G = Mean time per level.
                   A        B        C        D        E       F      G
               +--------+--------+--------+--------+--------+-----+--------+
         Total |   1758 |   1542 |    216 |    229 |    998 |   3 |  586.0 |
       Dungeon |   1758 |   1542 |    216 |    229 |    998 |   3 |  586.0 |
               +--------+--------+--------+--------+--------+-----+--------+

Top non-repeatable levels by time:
     D:2: 961 daAuts
     D:1: 792 daAuts
     D:3: 4 daAuts
